 Dungeon Crawl Stone Soup version 0.29.1-12-g30fa7ad0bf (webtiles) character file.

Game seed: 11902581732728291354

268 raph the Summoner (level 6, -1/32 HPs)
             Began as a Deep Elf Summoner on Dec 22, 2022.
             Slain by an orc priest
             ... wielding a +0 mace
              (5 damage)
             ... on level 3 of the Dungeon.
             The game lasted 00:03:54 (3032 turns).

raph the Summoner (Deep Elf Summoner)               Turns: 3032, Time: 00:03:55

Health: -1/32      AC:  2    Str:  5    XL:     6   Next: 0%
Magic:  10/12      EV: 12    Int: 22    God:
Gold:   132        SH:  0    Dex: 15    Spells: 5/11 levels left

rFire   . . .      SeeInvis .   e - +2 dagger (venom)
rCold   . . .      Faith    .   (no shield)
rNeg    . . .      Spirit   .   a - +0 robe
rPois   .          Reflect  .   (no helmet)
rElec   .          Harm     .   (no cloak)
rCorr   .          Rampage  .   (no gloves)
Will    .....                   (no boots)
Stlth   ++........              (no amulet)
HPRegen 0.10/turn               (no ring)
MPRegen 0.13/turn               (no ring)

@: no status effects
A: no striking features
a: no special abilities


You were on level 3 of the Dungeon.
You visited 1 branch of the dungeon, and saw 3 of its levels.

You collected 132 gold pieces.

Inventory:

Hand Weapons
 d - a +0 dagger of venom
 e - a +2 dagger of venom (weapon)
Armour
 a - a +0 robe (worn)
 c - an orb of energy
Scrolls
 g - a scroll of teleportation {unknown}
Potions
 b - a potion of magic
 f - 2 potions of haste
 h - a potion of attraction


   Skills:
 - Level 2.4 Dodging
 - Level 2.4 Stealth
 - Level 3.0 Spellcasting
 + Level 8.0 Summonings


You had 5 spell levels left.
You knew the following spells:

 Your Spells              Type           Power      Damage    Failure   Level
a - Summon Small Mammal   Summ           100%       N/A       1%          1
b - Call Imp              Summ           38%        N/A       1%          2
c - Call Canine Familiar  Summ           38%        N/A       1%          3

Your spell library contained the following spells:

 Spells                   Type           Power      Damage    Failure   Level
 Summon Guardian Golem    Hex/Summ       21%        N/A       7%          3
 Freeze                   Ice            12%        1d4       12%         1
 Summon Lightning Spire   Summ/Air       21%        N/A       24%         4
 Frozen Ramparts          Ice            6%         1d1       36%         3
 Hailstorm                Conj/Ice       3%         3d3       77%         4


Dungeon Overview and Level Annotations

Branches:
Dungeon (3/15)

Altars:


Message History

What are your orders? t - Shout!
Orders for allies: a - Attack new target. r - Retreat! s - Stop attacking. g - Guard the area. f - Follow me.
Anything else - Cancel.
Gang up on whom?
Press: ? - help, Dir - move target, f - orc priest
Aim: an orc priest, wielding a +0 mace and wearing a +0 ring mail Attack!
The orc priest invokes the aid of Beogh against you.
Pain shoots through your body!
Casting: Call Imp (safe; 1% risk of failure)
Confirm with . or Enter, or press ? or * to list all spells.
The orc priest barely misses your wolf.
Casting: Summon Small Mammal (safe; 1% risk of failure)
Confirm with . or Enter, or press ? or * to list all spells.
Your wolf bites the orc priest!
Your wolf barely misses the orc priest.
The orc priest mumbles some strange prayers to Beogh against you.
Beogh smites you!
* * * LOW HITPOINT WARNING * * *
An endoplasm comes into view.
Found 18 gold pieces.
An endoplasm is nearby!
An endoplasm is nearby!
What are your orders? t - Shout!
Orders for allies: a - Attack new target. p - Attack previous target. r - Retreat! s - Stop attacking. g - Guard the area. f - Follow me.
Anything else - Cancel.
Gang up on whom?
Press: ? - help, Dir - move target, f/p - orc priest
Aim: an orc priest, wielding a +0 mace and wearing a +0 ring mail (severely wounded, ally target) Attack!
Your crimson imp disappears in a puff of smoke!
Your wolf bites the orc priest.
Your quokka barely misses the orc priest.
The orc priest hits you with a +0 mace.
You die...

#.# #.#.###...## #.# #.#
#.#.##†###.###.# #.#
#......# #.....# #.#
###..#.###.###.#
#.......## #.#######
#####...########....).S.
#......r..o.).....######
#####.§o########.##
#.r@h).......#
##..########## #..#
....# ###..# #..# #..#
...# ...J


You could see an orc priest (ally target), a friendly wolf (summoned), a
friendly quokka (summoned) and a friendly rat (summoned).

Vanquished Creatures
  An adder (D:2)
  A giant cockroach (D:2)
  A goblin (D:3)
  A hobgoblin (D:2)
4 creatures vanquished.

Vanquished Creatures (collateral kills)
  Sigmund (D:2)
  2 orc priests (D:3)
  An adder (D:3)
  A worm (D:3)
  An orc (D:3)
  3 bats (D:1)
  An endoplasm (D:1)
  A giant cockroach (D:1)
  3 goblins
  2 hobgoblins (D:1)
  A jackal (D:2)
  A quokka (D:3)
  A ball python (D:1)
  2 frilled lizards (D:1)
  3 kobolds
  5 rats
29 creatures vanquished.

Vanquished Creatures (others)
  3 plants (D:1)
3 creatures vanquished.

Grand Total: 36 creatures vanquished

Notes
Turn   | Place    | Note
-------+----------+-------------------------------------------
     0 | D:1      | raph the Deep Elf Summoner began the quest for the Orb.
     0 | D:1      | Reached XP level 1. HP: 10/10 MP: 6/6
   732 | D:1      | Reached XP level 2. HP: 14/15 MP: 6/8
   864 | D:1      | Learned a level 2 spell: Call Imp
   873 | D:1      | Reached skill level 5 in Summonings
  1832 | D:2      | Reached XP level 3. HP: 12/19 MP: 5/9
  2038 | D:2      | Learned a level 3 spell: Call Canine Familiar
  2205 | D:2      | Noticed Sigmund
  2222 | D:2      | Killed Sigmund
  2223 | D:2      | Reached skill level 7 in Summonings
  2223 | D:2      | Reached XP level 4. HP: 18/24 MP: 0/10
  2223 | D:2      | Reached XP level 5. HP: 21/28 MP: 0/11
  2540 | D:2      | Found a faded altar of an unknown god.
  2999 | D:3      | Reached skill level 8 in Summonings
  2999 | D:3      | Reached XP level 6. HP: 16/32 MP: 8/12
  3032 | D:3      | Slain by an orc priest

Illustrated notes

Levels and vault maps discovered:
D:1:      spicycebolla_arrival_xxxplode, layout_rooms, serial_bayou_lake_a
D:2:      layout_loops_cross, basic_ecumenical_altar, minmay_surrounded,
          uniq_sigmund
D:3:      layout_loops_ring, nicolae_hepliaklqana_hazy_memory,
          mainiacjoe_overflow_brackets, chequers_serial_rivers_room_a

Skill      XL: |  1  2  3  4  5 |
---------------+----------------+-----
Summonings     | 5 7 8 |  8.0
Dodging        | |  2.4
Stealth        | |  2.4
Spellcasting   | |  3.0

Action                   |  1- 3 |  4- 6 || total
-------------------------+-------+-------++-------
Melee: Unarmed           |     8 |       ||     8
       Dagger            |    17 |     6 ||    23
 Cast: Summon Small Mamm |    25 |     3 ||    28
       Call Imp          |     7 |     3 ||    10
       Call Canine Famil |     2 |     3 ||     5
  Use: Scroll            |     4 |     3 ||     7
 Stab: Distracted        |     1 |       ||     1
       Sleeping          |       |     1 ||     1
Armor: Robe              |    12 |       ||    12
Dodge: Dodged            |    24 |     5 ||    29
